 Dungeon Crawl Stone Soup version 0.19.4-12-gccf7e64 (webtiles) character file.

62 Magnus the Grave Robber (level 3, -7/24 HPs)
             Began as a Demonspawn Necromancer on Feb 28, 2017.
             Killed by divine providence
             ... invoked by an orc priest
              (12 damage)
             ... on level 1 of the Dungeon.
             The game lasted 00:05:12 (1926 turns).

Magnus the Grave Robber (Demonspawn Necromancer)    Turns: 1926, Time: 00:05:13

Health: -7/24      AC:  3    Str:  9    XL:     3   Next: 85%
Magic:  2/7        EV: 12    Int: 16    God:
Gold:   49         SH:  0    Dex: 13    Spells: 3 memorised, 1 level left

rFire  . . .     SeeInvis +     (no weapon)
rCold  . . .     Gourm    .     a - +0 robe
rNeg   . . .     Faith    .     (no shield)
rPois  .         Spirit   .     e - +0 helmet
rElec  .         Reflect  .     (no cloak)
rCorr  .         Harm     .     (no gloves)
MR     .....                    (no boots)
Stlth  +++.......               (no amulet)
                                (no ring)
                                k - ring of see invisible

@: no status effects
A: talons 1, nightstalker 1
a: no special abilities


You were on level 1 of the Dungeon.
You were hungry.

You visited 1 branch of the dungeon, and saw 2 of its levels.

You collected 49 gold pieces.

Inventory:

Armour
 a - a +0 robe (worn)
 e - a +0 helmet (worn)
Jewellery
 k - a ring of see invisible (left hand)
Scrolls
 d - a scroll of enchant weapon {unknown}
 g - a scroll of recharging {unknown}
 m - a scroll of identify {unknown}
Potions
 f - 2 potions of haste {unknown}
Books
 b - a book of Necromancy

   Spells                             Type                      Level
   a - Pain                           Necromancy                   1
   b - Animate Skeleton               Necromancy                   1
   c - Vampiric Draining              Necromancy                   3
   d - Regeneration                   Charms/Necromancy            3
   e - Animate Dead                   Necromancy                   4
   f - Control Undead                 Necromancy                   4
Comestibles
 c - 2 bread rations
 i - 3 fruits
 j - a meat ration
 l - a beef jerky


   Skills:
 - Level 1.7 Dodging
 - Level 1.7 Stealth
 + Level 3.2 Spellcasting
 + Level 5.2 Necromancy


You had one spell level left.
You knew the following spells:

 Your Spells              Type           Power        Failure   Level  Hunger
a - Pain                  Necr           ###.         1%          1    None
b - Vampiric Draining     Necr           ###.......   8%          3    ###....
c - Regeneration          Chrm/Necr      ##........   21%         3    ###....


Dungeon Overview and Level Annotations

Branches:
Dungeon (2/15)

Altars:

Annotations:
D:2 Robin


Innate Abilities, Weirdness & Mutations

You have sharp toenails.
You are slightly more attuned to the shadows.


Message History

Casting: Pain
Confirm with . or Enter, or press ? or * to list all spells.
Your skin crawls.
The orc priest shouts!
The frilled lizard bites you but does no damage.
The frilled lizard barely misses you.
Your skin is crawling a little less now.
The goblin no longer looks unusually strong.
The orc priest invokes the aid of Beogh against you.
Beogh smites you!
Ouch! That really hurt!
* * * LOW HITPOINT WARNING * * *
Your skin stops crawling.
A rat comes into view.
Okay, then.
You are feeling hungry.
The orc priest mumbles some strange prayers to Beogh against you.
Beogh smites you!
Ouch! That really hurt!
You die...

#........## ##.........# #.#
#........# #g........# #.#
#........## ##o......#.###.####
#.........###..................
#.............(.........##.####
##..###.......o.###.....##.# #
#.## ##.....g.## ##....##.# #
#.# #...<..l# #...r##.# #.##
##......@## ##.......#
#..###.........###..#.#####
#.....................#
#........###..........##
#.......## ##..........#
#.......# #..........#
#.......## ##..........#
#........###...........#
#......................#


You could see an orc priest, an orc, a goblin and a frilled lizard.

Vanquished Creatures
  2 adders (D:2)
  2 dart slugs
  A leopard gecko (D:2)
  5 bats
  2 giant cockroaches (D:2)
  9 goblins
  5 hobgoblins
  5 kobolds
  A frilled lizard (D:2)
  4 rats
36 creatures vanquished.

Notes
Turn   | Place    | Note
-------+----------+-------------------------------------------
     0 | D:1      | Magnus the Demonspawn Necromancer began the quest for the Orb.
     0 | D:1      | Reached XP level 1. HP: 13/13 MP: 3/3
   380 | D:1      | Gained mutation: You are slightly more attuned to the shadows. [demonic ancestry]
   380 | D:1      | Reached XP level 2. HP: 6/19 MP: 0/5
   802 | D:2      | Noticed Robin
  1193 | D:2      | Gained mutation: You have sharp toenails. [demonic ancestry]
  1193 | D:2      | Reached XP level 3. HP: 16/24 MP: 0/7
  1442 | D:2      | Learned a level 3 spell: Vampiric Draining
  1446 | D:2      | Learned a level 3 spell: Regeneration
  1496 | D:2      | Reached skill level 5 in Necromancy
  1926 | D:1      | Killed from afar by an orc priest

Skill      XL: |  1  2  3 |
---------------+----------+-----
Spellcasting   | 3 |  3.2
Necromancy     | 5 |  5.2
Dodging        | |  1.7
Stealth        | |  1.7

Action                   || total
-------------------------++-------
Melee: Unarmed           ||     9
 Cast: Pain              ||    66
       Regeneration      ||     1
  Eat: Chunk             ||     3
Armor: Robe              ||    18
Dodge: Dodged            ||    30
